 Dungeon Crawl Stone Soup version 0.21-a0-633-g4c047d5 (webtiles) character file.

16 Alarkh the Slasher (level 2, 21/22 HPs)
             Began as a Demonspawn Skald on Dec 28, 2017.
             Got out of the dungeon alive.
             The game lasted 00:00:32 (255 turns).

Alarkh the Slasher (Demonspawn Skald)                Turns: 255, Time: 00:00:32

Health: 21/22      AC:  5    Str: 11    XL:     2   Next: 41%
Magic:  4/5        EV: 11    Int: 14    God:
Gold:   9          SH:  0    Dex: 12    Spells: 4/5 levels left

rFire    . . .     SeeInvis .   a - +0 falchion
rCold    . . .     Gourm    .   (no shield)
rNeg     . . .     Faith    .   b - +0 leather armour
rPois    .         Spirit   .   (no helmet)
rElec    .         Reflect  .   (no cloak)
rCorr    .         Harm     .   (no gloves)
MR       .....                  (no boots)
Stlth    +.........             (no amulet)
HPRegen  0.07/turn              (no ring)
MPRegen  0.09/turn              (no ring)

@: no status effects
A: slimy green scales 1
a: no special abilities


You escaped.
You were not hungry.

You visited 1 branch of the dungeon, and saw 1 of its levels.

You collected 9 gold pieces.

Inventory:

Hand Weapons
 a - a +0 falchion (weapon)
Armour
 b - a +0 leather armour (worn)
Books
 c - a book of Battle

   Spells                             Type                      Level
   a - Infusion                       Charms                       1
   b - Shroud of Golubria             Charms/Translocation         2
   c - Song of Slaying                Charms                       2
   d - Spectral Weapon                Hexes/Charms                 3
   e - Regeneration                   Charms/Necromancy            3
Comestibles
 d - a ration
 f - 7 chunks of flesh


   Skills:
 - Level 2.0 Fighting
 + Level 2.8 Long Blades
 - Level 0.8 Armour
 - Level 1.7 Dodging
 - Level 2.0 Spellcasting
 - Level 2.6 Charms


You had 4 spell levels left.
You knew the following spells:

 Your Spells              Type           Power        Failure   Level  Hunger
a - Infusion              Chrm           #...         11%         1    ##.....


Dungeon Overview and Level Annotations

Branches:
Dungeon (1/15)

Altars:


Innate Abilities, Weirdness & Mutations

You are partially covered in slimy green scales. (AC +2)


Message History

There is an open door here.
Your magical infusion is running out.
The minotaur bellows!
The halfling shouts!
The centaur shouts!
The octopode shouts!
The tengu shouts!
You are no longer magically infusing your attacks.
The demonspawn shouts!
The ogre shouts!
The felid hisses angrily.
The vine stalker shouts!
The merfolk shouts!
The troll shouts!
The dwarf shouts!
The demigod shouts!
The kobold shouts!
The formicid twitches its antennae in your direction.
The draconian roars!
The orc shouts!
There is an open door here.
There is a staircase leading out of the dungeon here.
Are you sure you want to leave the Dungeon?
This will make you lose the game!
You have escaped!

###############
####e#a#V#9#T#m#n#
#..###############
#@.'..............
#..###############
####o#d#K#p#g#M#f#
###############


There were no monsters in sight!

Vanquished Creatures
  A gnoll (D:1)
  A hobgoblin (D:1)
  2 kobolds (D:1)
  3 bats (D:1)
7 creatures vanquished.

Notes
Turn   | Place    | Note
-------+----------+-------------------------------------------
     0 | D:1      | Alarkh the Demonspawn Skald began the quest for the Orb.
     0 | D:1      | Reached XP level 1. HP: 16/16 MP: 3/3
     3 | D:1      | Noticed an elf
     5 | D:1      | Noticed a formicid
     5 | D:1      | Noticed a draconian
     7 | D:1      | Noticed a vampire
     9 | D:1      | Noticed a gargoyle
     9 | D:1      | Noticed a demigod
    11 | D:1      | Noticed a troll
    11 | D:1      | Noticed a dwarf
    13 | D:1      | Noticed a merfolk
    15 | D:1      | Noticed a ghoul
    15 | D:1      | Noticed a vine stalker
    17 | D:1      | Noticed an ogre
    17 | D:1      | Noticed a felid
    19 | D:1      | Noticed a naga
    19 | D:1      | Noticed a demonspawn
    21 | D:1      | Noticed an octopode
    21 | D:1      | Noticed a tengu
    23 | D:1      | Noticed a centaur
    25 | D:1      | Noticed a minotaur
    25 | D:1      | Noticed a halfling
    27 | D:1      | Noticed a spriggan
    27 | D:1      | Noticed a human
   188 | D:1      | Gained mutation: You are partially covered in slimy green scales. (AC +2) [demonic ancestry]
   188 | D:1      | Reached XP level 2. HP: 17/22 MP: 0/5
   255 | D:$      | Got out of the dungeon alive.

Vault maps used:
D:1:      kb_arrival_jail

Skill      XL: |  1 |
---------------+----+-----
Long Blades    | 2 |  2.8
Fighting       | |  2.0
Armour         | |  0.8
Dodging        | |  1.7
Spellcasting   | |  2.0
Charms         | |  2.6

Action                   || total
-------------------------++-------
Melee: Falchion          ||    16
 Cast: Infusion          ||     4
  Use: Potion            ||     1
Armor: Leather armour    ||     5
Dodge: Dodged            ||    11
       Rpst.: Falchion   ||     2

Table legend:
 A = Spawn XP
 B = Non-spawn XP
 C = Spawn XP percentage of total XP
 D = Spawn monster count
 E = Non-spawn monster count
 F = Spawn count percentage of total count
 G = Total turns spent on level
                    A         B        C        D         E        F      G
               +---------+---------+-------+---------+---------+-------+---------
         Total |       0 |      24 |   0.0 |       0 |       7 |   0.0 |   255
               +---------+---------+-------+---------+---------+-------+---------
           D:1 |       0 |      24 |   0.0 |       0 |       7 |   0.0 |   255
               +---------+---------+-------+---------+---------+-------+---------
